 Dungeon Crawl Stone Soup version 0.31-a0-523-g071a6c1ffa (webtiles) character file.

Game seed: 3897861885683315220

1617 Newt the Ducker (level 8, 0/60 HPs)
             Began as a Merfolk Gladiator on Aug 11, 2023.
             Was an Initiate of Hepliaklqana.
             Killed from afar by a steam dragon (16 damage)
             ... with a ball of steam
             ... on level 5 of the Dungeon.
             The game lasted 00:04:29 (4685 turns).

Newt the Ducker (Merfolk Gladiator)                 Turns: 4685, Time: 00:04:30

Health: 0/60       AC:  6    Str: 23    XL:     8   Next: 96%
Magic:  11/15      EV: 15    Int:  7    God:    Hepliaklqana [......]
Gold:   299        SH:  0    Dex: 15    Spells: 14/17 levels left

rFire   . . .        a - +1 trident
rCold   . . .        (no shield)
rNeg    . . .        b - +0 leather armour
rPois   .            c - +0 helmet
rElec   .            n - +0 cloak
rCorr   .            (no gloves)
SInv    .            j - +0 pair of boots
Will    .....        (no amulet)
Stlth   +            h - +6 ring of strength
HPRegen 0.30/turn    (no ring)
MPRegen 0.14/turn

%: no passive effects
@: no status effects
A: (nimble swimmer 2), mertail, MP-powered wands
a: Renounce Religion


You were on level 5 of the Dungeon.
You worshipped Hepliaklqana.
Hepliaklqana was noncommittal.
You visited 2 branches of the dungeon, and saw 6 of its levels.

You collected 299 gold pieces.

Inventory:

Hand Weapons
 a - a +1 trident (weapon)
Missiles
 d - 3 throwing nets
 e - a javelin
Armour
 b - a +0 leather armour (worn)
 c - a +0 helmet (worn)
 j - a +0 pair of boots (worn)
 n - a +0 cloak (worn)
Jewellery
 h - a +6 ring of strength (left hand)
Wands
 s - a wand of flame (9)
Scrolls
 k - a scroll of immolation
 o - a scroll of teleportation
 r - a scroll of blinking
 t - a scroll of identify
Potions
 f - 3 potions of curing
 g - 2 potions of ambrosia {unknown}
 i - a potion of magic {unknown}
 l - 2 potions of attraction
 m - 2 potions of enlightenment {unknown}
 p - 3 potions of heal wounds {unknown}
 q - a potion of degeneration {unknown}
 u - a potion of might {unknown}


   Skills:
 - Level 4.0 Fighting
 - Level 7.0 Polearms
 - Level 2.0 Throwing
 - Level 7.8 Dodging
 + Level 5.0 Spellcasting
 + Level 5.5 Summonings


You had 14 spell levels left.
You knew the following spells:

 Your Spells              Type           Power      Damage    Failure   Level
a - Call Canine Familiar  Summ           9%         N/A       10%         3

Your spell library contained the following spells:

 Spells                   Type           Power      Damage    Failure   Level
 Summon Small Mammal      Summ           36%        N/A       3%          1
 Summon Guardian Golem    Hex/Summ       5%         N/A       30%         3
 Blink                    Tloc           2%         N/A       43%         2
 Lesser Beckoning         Tloc           2%         N/A       43%         2
 Momentum Strike          Conj/Tloc      2%         3d8       43%         2
 Summon Forest            Summ/Tloc      2%         N/A       96%         5
 Summon Mana Viper        Hex/Summ       5%         N/A       96%         5
 Manifold Assault         Tloc           1%         N/A       97%         4
 Summon Cactus Giant      Summ           4%         N/A       99%         6
 Orb of Destruction       Conj           0%         9d5       100%        7
 Spellforged Servitor     Conj/Summ      2%         N/A       100%        7


Dungeon Overview and Level Annotations

Branches:
Dungeon (5/15)             Temple (1/1) D:4

Altars:
Cheibriados
Dithmenos
Elyvilon
Fedhas
Gozag
Hepliaklqana
Makhleb
Nemelex Xobeh
Qazlal
Ru
Sif Muna
Trog
Uskayaw
Vehumet
Xom


Innate Abilities, Weirdness & Mutations

((You are very nimble when in or above water. (Stealth+, EV+, Speed+++)))
Your lower body shifts to a powerful aquatic tail in water.
You expend magic power (3 MP) to strengthen your wands.


Message History

The steam dragon is moderately wounded.
Your hound bites the steam dragon.
Your hound barely misses the steam dragon.
The steam dragon misses you. The steam dragon closely misses you.
The gnoll sergeant is engulfed in a cloud of scalding steam.
The gnoll sergeant hits you from afar with a +0 trident.
You hit the steam dragon.
The steam dragon is heavily wounded.
Your hound closely misses the steam dragon.
The steam dragon bites you. The steam dragon barely misses you.
The gnoll sergeant closely misses you.
Unknown command.
You hit the steam dragon.
The steam dragon is severely wounded.
Your hound barely misses the steam dragon.
Your hound bites the steam dragon.
The gnoll sergeant closely misses you.
The steam dragon closely misses your hound. x2
Unknown command.
You hit the steam dragon but do no damage.
The steam dragon is severely wounded.
Your hound bites the steam dragon but does no damage.
The steam dragon misses your hound.
The steam dragon barely misses your hound.
The gnoll sergeant misses you.
Unknown command.
You barely miss the steam dragon.
The steam dragon is severely wounded.
Your hound bites the steam dragon but does no damage.
Your hound bites the steam dragon.
The gnoll sergeant hits you from afar with a +0 trident.
The steam dragon breathes steam at you. The ball of steam hits you!
* * * LOW HITPOINT WARNING * * *
Your hound completely misses the steam dragon.
Your hound misses the steam dragon.
The gnoll sergeant barely misses your hound.
It was a potion of curing.
You feel better. The steam dragon breathes steam at you.
The ball of steam hits you!
You die...

#....# ###)#...# .#..
#....' =.#+###.# #..
#.... ...#..##.# #..
#...h#.. .$##.# #..
##h############.# #..
#.....#......##.#..#..
#..Og.#......##.#..#..
#...hD#......##.#..##+
#....@#.....†##.#.....
#.....)......##.#.....
#######...............
###########.....
#.)...).....
#.#######... #.# #...
#.# #... #.# #...


You could see a steam dragon (catching breath, ally target), an ogre, a gnoll
sergeant, a howler monkey and a friendly hound (summoned).

Vanquished Creatures
  A two-headed ogre (D:5)
  Grinder (D:4)
  Sigmund (D:2)
  Duvessa (D:5)
  2 ogres
  Dowan (D:5)
  2 hounds
  An orc priest (D:4)
  3 iguanas
  An orc wizard (D:5)
  8 adders
  A white imp (D:5)
  3 worms
  3 dart slugs
  8 orcs
  4 ball pythons
  7 endoplasms
  4 giant cockroaches
  13 goblins
  6 hobgoblins
  4 jackals (D:1)
  5 quokkas
  3 bats
  4 frilled lizards
  4 kobolds
  5 rats
96 creatures vanquished.

Notes
Turn   | Place    | Note
-------+----------+-------------------------------------------
     0 | D:1      | Newt the Merfolk Gladiator began the quest for the Orb.
     0 | D:1      | Reached XP level 1. HP: 16/16 MP: 1/1
   162 | D:1      | Reached XP level 2. HP: 24/24 MP: 2/2
   385 | D:1      | You fall into a shaft and drop 1 floor!
   446 | D:2      | Reached XP level 3. HP: 26/30 MP: 3/3
   536 | D:2      | Noticed Sigmund
   541 | D:2      | Gained mutation: You expend magic power (3 MP) to
                  | strengthen your wands. [potion of mutation]
   563 | D:2      | Killed Sigmund
   564 | D:2      | Reached XP level 4. HP: 6/37 MP: 4/4
   564 | D:2      | Reached XP level 5. HP: 7/42 MP: 5/5
  1401 | D:2      | Reached XP level 6. HP: 48/48 MP: 6/6
  1630 | D:2      | Reached skill level 5 in Dodging
  2191 | D:3      | Found a radiant altar of Vehumet.
  2925 | D:4      | Found a sparkling altar of Nemelex Xobeh.
  2928 | D:4      | Found a burning altar of Makhleb.
  2930 | D:4      | Noticed Grinder
  2942 | D:4      | Killed Grinder
  2943 | D:4      | Reached XP level 7. HP: 52/54 MP: 7/7
  3006 | D:4      | Found a staircase to the Ecumenical Temple.
  3113 | Temple   | Entered the Ecumenical Temple
  3122 | Temple   | Became a worshipper of Hepliaklqana the Forgotten
  3287 | D:4      | Reached skill level 1 in Summonings
  3417 | D:4      | Reached skill level 1 in Spellcasting
  3608 | D:5      | Entered Level 5 of the Dungeon
  3850 | D:5      | Noticed Duvessa
  3850 | D:5      | Noticed Dowan
  3871 | D:5      | Killed Duvessa
  3872 | D:5      | Reached XP level 8. HP: 19/60 MP: 10/12
  3880 | D:5      | Killed Dowan
  4174 | D:5      | Learned a level 3 spell: Call Canine Familiar
  4365 | D:5      | Noticed a two-headed ogre
  4378 | D:5      | Killed a two-headed ogre
  4379 | D:5      | Reached skill level 5 in Summonings
  4602 | D:5      | Reached skill level 5 in Spellcasting
  4685 | D:5      | Killed from afar by a steam dragon

Illustrated notes

Levels and vault maps discovered:
D:1:      minmay_arrival_jagged, layout_rooms, hangedman_decor_push,
          nicolae_eternal_life
D:2:      layout_basic, uniq_sigmund
D:3:      layout_basic, mainiacjoe_overflow_tiny_flanked
D:4:      layout_loops_ring, mainiacjoe_overflow_catwalk_spiral,
          lemuel_temple_firewalk_b, uniq_grinder
D:5:      minmay_clustersquares, layout_basic, item_on_display_a, uniq_duvessa
Temple:   hellmonk_temple_two_chambers

Skill      XL: |  1  2  3  4  5  6  7  8 |
---------------+-------------------------+-----
Fighting       | 3 4 |  4.0
Polearms       | 7 |  7.0
Dodging        | 7 |  7.8
Summonings     | 3 5 |  5.5
Spellcasting   | 2 5 |  5.0
Throwing       | |  2.0

Action                     |  1- 3 |  4- 6 |  7- 9 || total
---------------------------+-------+-------+-------++-------
  Melee: Trident           |    79 |   139 |   125 ||   343
  Throw: Throwing net      |     2 |       |     1 ||     3
   Cast: Call Canine Famil |       |       |     4 ||     4
    Use: Potion            |     2 |       |     2 ||     4
         Scroll            |       |     5 |     2 ||     7
   Stab: Sleeping          |     1 |     6 |     1 ||     8
         Held in net/web   |     1 |       |     1 ||     2
         Distracted        |       |     1 |     2 ||     3
 Armour: Leather armour    |    14 |    11 |    18 ||    43
  Dodge: Dodged            |    46 |    63 |    85 ||   194

Table legend: (Time is in decaauts)
 A = Elapsed time spent in this place.
 B = Non-inter-level travel time spent in this place.
 C = Inter-level travel time spent in this place.
 D = Time resting spent in this place.
 E = Time spent auto-exploring this place.
 F = Levels seen in this place.
 G = Mean time per level.
                   A        B        C        D        E       F      G
               +--------+--------+--------+--------+--------+-----+--------+
         Total |   4640 |   4435 |    205 |    454 |   3313 |   6 |  773.3 |
       Dungeon |   4621 |   4433 |    188 |    454 |   3313 |   5 |  924.2 |
        Temple |     18 |      1 |     17 |      0 |      0 |   1 |   18.0 |
               +--------+--------+--------+--------+--------+-----+--------+

Top non-repeatable levels by time:
     D:2: 1102 daAuts
     D:5: 1051 daAuts
     D:3: 859 daAuts
     D:4: 843 daAuts
     D:1: 764 daAuts
  Temple: 18 daAuts
